 Dungeon Crawl Stone Soup version 0.23.0 (webtiles) character file.

Game seed: 18069706722630683858

30 Murks the Magician (level 3, -2/20 HPs)
             Began as a Deep Elf Wizard on Feb 18, 2019.
             Slain by a hobgoblin
             ... wielding a +0 club
              (4 damage)
             ... on level 1 of the Dungeon.
             The game lasted 00:04:26 (1266 turns).

Murks the Magician (Deep Elf Wizard)                Turns: 1266, Time: 00:04:26

Health: -2/20      AC:  2    Str:  4    XL:     3   Next: 3%
Magic:  1/11       EV: 13    Int: 23    God:
Gold:   74         SH:  0    Dex: 13    Spells: 6/11 levels left

rFire    + . .     SeeInvis .   m - +1 dagger (elec)
rCold    . . .     Gourm    .   (no shield)
rNeg     . . .     Faith    .   a - +0 robe
rPois    .         Spirit   .   b - +0 hat
rElec    .         Reflect  .   (no cloak)
rCorr    .         Harm     .   (no gloves)
MR       .....                  (no boots)
Stlth    ++........             (no amulet)
HPRegen  0.06/turn              (no ring)
MPRegen  0.12/turn              (no ring)

@: very slightly contaminated
A: horns 1, fire resistance 1
a: no special abilities


You were on level 1 of the Dungeon.
You were not hungry.

You visited 1 branch of the dungeon, and saw 2 of its levels.

You collected 74 gold pieces.

Inventory:

Hand Weapons
 m - a +1 dagger of electrocution (weapon)
Missiles
 e - 19 stones (quivered)
Armour
 a - a +0 robe (worn)
 b - a +0 hat (worn)
Scrolls
 c - 2 scrolls of identify {unknown}
 f - a scroll of enchant weapon {unknown}
 h - 2 scrolls of amnesia {unknown}
 k - a scroll of blinking {unknown}
Potions
 i - a potion of curing {unknown}
 j - a potion of brilliance {unknown}
 l - a potion of lignification {unknown}
 n - a potion of might {unknown}
Comestibles
 d - a ration


   Skills:
 + Level 0.9 Fighting
 - Level 2.4 Dodging
 - Level 2.4 Stealth
 + Level 4.8 Spellcasting
 * Level 2.4 Conjurations
 - Level 1.1 Summonings
 - Level 1.1 Translocations


You had 6 spell levels left.
You knew the following spells:

 Your Spells              Type           Power        Failure   Level  Hunger
a - Magic Dart            Conj           ###.         3%          1    None
b - Blink                 Tloc           N/A          10%         2    None
c - Call Imp              Summ           ##......     10%         2    None

Your spell library contained the following spells:

 Spells                   Type           Power        Failure   Level  Hunger
 Slow                     Hex            #.......     14%         2    None
 Conjure Flame            Conj/Fire      ##......     17%         3    ##.....
 Mephitic Cloud           Conj/Pois/Air  #.......     21%         3    ##.....


Dungeon Overview and Level Annotations

Branches:
Dungeon (2/15)

Altars:
Gozag

Annotations:
D:2 Jessica, Robin


Innate Abilities, Weirdness & Mutations

You have a pair of small horns on your head.
Your flesh is heat resistant. (rF+)


Message History

A rat comes into view.
A goblin comes into view.
The goblin misses you.
Your crimson imp blinks!
Found a stone staircase leading down.
There is a stone staircase leading up here.
You barely miss the hobgoblin. The hobgoblin hits you with a +0 club.
You closely miss the hobgoblin. You closely miss the hobgoblin.
The hobgoblin hits you with a +0 club. The goblin closely misses you.
Your crimson imp blinks!
The hobgoblin hits you with a +0 club. The goblin hits you with a +0 club!
* * * LOW HITPOINT WARNING * * *
Your crimson imp hits the hobgoblin but does no damage.
You climb upwards.
There is a stone staircase leading down here.
Okay, then.
It was a potion of mutation.
You feel extremely strange. A pair of horns grows on your head!
You feel resistant to heat. The hobgoblin hits you with a +0 club.
You die...

≈#≈≈≈#≈≈≈≈### ###§§§§#§.≈#≈§≈
≈#≈≈≈#≈≈≈## ##§§≈#≈.≈#≈≈§
≈#≈≈≈#≈≈≈# #≈§≈#≈.≈#≈≈§
≈#≈≈≈#≈≈≈# #≈§§#§§§#≈≈§
≈#≈≈≈#≈≈≈# #§≈≈#.§≈#§≈§
.#...#...# #...#.§.#...
.#...#...#### ####...#...#...
.#...#...##.#######.##...#...#...
.#...#...#...#..@#...#...#...#...
.....#...#...#.gg#...#...#.......
.....#...#...#...#...#...#......#
#......[.....#...#............###
#####.....................#####
.#..######.....<.....###### #.#
.##...# ############# #.#
.###.### #># #.# .# #...# #.# #.#


You could see a hobgoblin and a goblin.

Vanquished Creatures
  A dart slug (D:1)
  2 bats (D:1)
  2 giant cockroaches (D:1)
  4 goblins
  7 hobgoblins
  A ball python (D:1)
  A frilled lizard (D:1)
  4 kobolds (D:1)
  3 rats (D:1)
25 creatures vanquished.

Notes
Turn   | Place    | Note
-------+----------+-------------------------------------------
     0 | D:1      | Murks the Deep Elf Wizard began the quest for the Orb.
     0 | D:1      | Reached XP level 1. HP: 10/10 MP: 7/7
   326 | D:1      | Reached XP level 2. HP: 16/16 MP: 6/9
   447 | D:1      | Learned a level 2 spell: Blink
   450 | D:1      | Learned a level 2 spell: Call Imp
   575 | D:1      | You fall through a shaft!
   575 | D:2      | Found an opulent altar of Gozag.
   576 | D:2      | Noticed Jessica
  1249 | D:2      | Reached XP level 3. HP: 20/20 MP: 2/11
  1253 | D:2      | Noticed Robin
  1263 | D:2      | HP: 1/20 [goblin/+0 club[Robin] (9)]
  1266 | D:1      | Gained mutation: You have a pair of small horns on your
                  | head. [potion of mutation]
  1266 | D:1      | Gained mutation: Your flesh is heat resistant. (rF+)
                  | [potion of mutation]
  1266 | D:1      | Slain by a hobgoblin

Skill      XL: |  1  2 |
---------------+-------+-----
Conjurations   | 2 |  2.4
Fighting       | |  0.9
Dodging        | |  2.4
Stealth        | |  2.4
Spellcasting   | |  4.8
Summonings     | |  1.1
Translocations | |  1.1

Action                   || total
-------------------------++-------
Melee: Dagger            ||     9
 Cast: Magic Dart        ||    62
       Call Imp          ||     3
  Use: Potion            ||     1
  Eat: Chunk             ||     1
Armor: Robe              ||     3
Dodge: Dodged            ||    10
